 Dungeon Crawl Stone Soup version 0.20-a0-19-gd4fea00 (webtiles) character file.

842 KristoblXynda the Chopper (level 8, -1/64 HPs)
             Began as a Hill Orc Fighter on Nov 5, 2016.
             Slain by Duvessa
             ... wielding a +1 short sword of venom
              (11 damage)
             ... on level 4 of the Dungeon.
             The game lasted 00:16:33 (4293 turns).

KristoblXynda the Chopper (Hill Orc Fighter)        Turns: 4293, Time: 00:16:34

Health: -1/64      AC:  9    Str: 20    XL:     8   Next: 0%
Magic:  8/8        EV:  8    Int:  9    God:
Gold:   143        SH: 10    Dex: 10    Spells: 0 memorised, 7 levels left

rFire  . . .     SeeInvis .     a - +0 war axe
rCold  . . .     Gourm    .     k - +0 scale mail {rPois}
rNeg   . . .     Faith    .     c - +0 shield
rPois  +         Spirit   .     (no helmet)
rElec  .         Reflect  .     (no cloak)
rCorr  .         Harm     .     (no gloves)
MR     .....                    b - +0 pair of boots
Stlth  ..........               (no amulet)
                                (no ring)
                                (no ring)

@: lethally poisoned (-1 -> -4)
A: no striking features
a: no special abilities


You were on level 4 of the Dungeon.
You were hungry.

You visited 1 branch of the dungeon, and saw 4 of its levels.

You collected 143 gold pieces.

Inventory:

Hand Weapons
 a - a +0 war axe (weapon)
Armour
 b - a +0 pair of boots (worn)
 c - a +0 shield (worn)
 k - a +0 scale mail of poison resistance (worn)
Scrolls
 l - a scroll of identify
 r - 2 scrolls of teleportation
Potions
 d - 3 potions of might
 e - a potion of lignification
 j - a potion of magic {unknown}
 n - a potion of brilliance
 o - a potion of agility
 q - a potion of cure mutation {unknown}
Comestibles
 f - 2 bread rations
 m - a beef jerky
 p - a meat ration


   Skills:
 - Level 3.6 Fighting
 + Level 7.0 Axes
 + Level 6.4 Armour
 + Level 6.4 Shields


You had 7 spell levels left.
You didn't know any spells.

Dungeon Overview and Level Annotations

Branches:
Dungeon (4/15)
 Temple: D:4-7

Altars:
Ashenzari
Makhleb
Vehumet
Xom

Annotations:
D:4 Duvessa


Message History

You feel sick.
Duvessa hits you with a short sword of venom.
You feel sick.
You're too confused to move!
You feel less invigorated.
You feel less confused.
You feel sick.
Duvessa hits you with a short sword of venom!
* * * LOW HITPOINT WARNING * * *
You block Duvessa's attack.
You slash Duvessa!
Duvessa is severely wounded.
You feel sick.
Duvessa hits you with a short sword of venom.
* * * LOW HITPOINT WARNING * * *
You block Duvessa's attack.
You hit Duvessa.
Duvessa is severely wounded.
You feel sick.
Duvessa hits you with a short sword of venom!
You die...

## ### #. .?# #.
#.# ###.#####.#
......##.#
#.##.##.#
#.@e.)..#
#######
####.####
#.....# #.#
#.....#### #.#
#........# #.#
#........# #.# .
#........####.#
.##
##.......#....#
..
###.......#.####


You could see Duvessa (berserk).

Vanquished Creatures
  The ghost of namnharef the Gusty, an amateur HEAE (D:4)
  A sky beast (D:2)
  Dowan (D:4)
  A scorpion (D:4)
  4 crimson imps (D:3)
  2 orc priests
  3 bullfrog skeletons
  Natasha (twice) (D:4)
  A worker ant (D:4)
  6 adders
  An ooze (D:2)
  An adder skeleton (D:4)
  2 worms (D:2)
  2 dart slugs (D:1)
  A leopard gecko (D:2)
  13 orcs
  10 bats
  4 giant cockroaches
  8 goblins
  12 hobgoblins
  8 jackals
  8 kobolds
  3 quokkas
  A ball python (D:3)
  4 frilled lizards
  9 rats
109 creatures vanquished.

Notes
Turn   | Place    | Note
-------+----------+-------------------------------------------
     0 | D:1      | KristoblXynda the Hill Orc Fighter began the quest for the Orb.
     0 | D:1      | Reached XP level 1. HP: 19/19 MP: 1/1
   128 | D:1      | Reached skill level 3 in Axes
   176 | D:1      | Reached XP level 2. HP: 25/26 MP: 2/2
   999 | D:1      | Reached XP level 3. HP: 31/31 MP: 3/3
  1374 | D:2      | Reached XP level 4. HP: 32/39 MP: 4/4
  1484 | D:2      | Reached skill level 4 in Axes
  1672 | D:2      | Found a radiant altar of Vehumet.
  1871 | D:2      | Noticed a sky beast
  1901 | D:2      | Killed a sky beast
  1901 | D:2      | Reached XP level 5. HP: 8/45 MP: 5/5
  2594 | D:3      | Found a burning altar of Makhleb.
  2633 | D:3      | Reached skill level 5 in Axes
  2633 | D:3      | Reached skill level 5 in Shields
  2633 | D:3      | Reached XP level 6. HP: 24/51 MP: 6/6
  2932 | D:3      | Reached skill level 5 in Armour
  3079 | D:3      | Found a shimmering altar of Xom.
  3232 | D:3      | Reached XP level 7. HP: 40/57 MP: 7/7
  3495 | D:4      | Noticed namnharef's ghost (amateur HEAE)
  3509 | D:4      | Killed namnharef's ghost
  3509 | D:4      | Reached skill level 6 in Axes
  3529 | D:4      | Noticed Natasha
  3536 | D:4      | Killed Natasha
  3563 | D:4      | Noticed Natasha
  3577 | D:4      | Killed Natasha
  3841 | D:4      | Found a shattered altar of Ashenzari.
  4260 | D:4      | Noticed Duvessa
  4260 | D:4      | Noticed Dowan
  4281 | D:4      | Killed Dowan
  4281 | D:4      | Reached skill level 7 in Axes
  4281 | D:4      | Reached XP level 8. HP: 37/64 MP: 5/8
  4293 | D:4      | Slain by Duvessa

Vault maps used:
D:1:      minmay_arrival_plants_in_alcoves
D:2:      lemuel_round_altar, first_bread, kennysheep_generic_room_10
D:3:      nicolae_overflow_hidden_temple, led_xom_imps
D:4:      serial_bayou_pond_d, nicolae_ashenzari_panopticon, uniq_natasha,
          uniq_duvessa

Skill      XL: |  1  2  3  4  5  6  7 |
---------------+----------------------+-----
Axes           | 3 4 5 7 |  7.0
Shields        | 4 5 6 |  6.4
Armour         | 4 5 6 |  6.4
Fighting       | |  3.6

Action                   |  1- 3 |  4- 6 |  7- 9 || total
-------------------------+-------+-------+-------++-------
Melee: War axe           |   104 |   307 |   114 ||   525
  Use: Potion            |       |     3 |     2 ||     5
       Scroll            |       |     6 |     5 ||    11
  Eat: Chunk             |     2 |     6 |     2 ||    10
       Beef jerky        |       |       |     1 ||     1
Armor: Scale mail        |    73 |   167 |    55 ||   295
       Skin              |       |     6 |       ||     6
Dodge: Dodged            |    33 |   100 |    49 ||   182
Block: Shield            |    78 |   183 |    89 ||   350
